 Dungeon Crawl Stone Soup version 0.31-a0-210-gccc998df9b (webtiles) character file.

Game seed: 6612826705309081226

281 qw the Shooter (level 6, -2/52 HPs)
             Began as a Minotaur Hexslinger on June 30, 2023.
             Slain by Robin
             ... wielding a +0 club
              (5 damage)
             ... on level 3 of the Dungeon.
             The game lasted 00:00:52 (1572 turns).

qw the Shooter (Minotaur Hexslinger)                Turns: 1572, Time: 00:00:52

Health: -2/52      AC:  4    Str: 13    XL:     6   Next: 6%
Magic:  6/6        EV: 12    Int: 10    God:
Gold:   158        SH:  0    Dex: 14    Spells: 6/7 levels left

rFire   + . .        Y - +1 sling
rCold   + . .        (no shield)
rNeg    . . .        m - +1 robe {rC+}
rPois   .            (helmet restricted)
rElec   .            k - +0 cloak
rCorr   .            (no gloves)
SInv    .            (no boots)
Will    .....        (no amulet)
Stlth   +            d - ring of protection from fire
HPRegen 0.28/turn    (no ring)
MPRegen 0.10/turn

%: no passive effects
@: no status effects
A: horns 2, retaliatory headbutt
a: no special abilities


You were on level 3 of the Dungeon.
You visited 1 branch of the dungeon, and saw 3 of its levels.

You collected 158 gold pieces.


Innate Abilities, Weirdness & Mutations

You have a pair of horns on your head.
You reflexively headbutt those who attack you in melee.


   Skills:
 + Level 3.7 Fighting
 - Level 6.2 Ranged Weapons
 - Level 2.1 Dodging
 - Level 1.0 Spellcasting
 - Level 2.0 Hexes


You had 6 spell levels left.
You knew the following spells:

 Your Spells              Type           Power      Damage    Failure   Level
a - Slow                  Hex            16%        N/A       16%         1

Your spell library contained the following spells:

 Spells                   Type           Power      Damage    Failure   Level
 Inner Flame              Hex/Fire       2%         N/A       56%         3
 Portal Projectile        Hex/Tloc       4%         N/A       56%         3
 Cause Fear               Hex            2%         N/A       83%         4

Inventory:

Hand Weapons
 Y - a +1 sling (weapon)
Armour
 b - a +0 ring mail
 k - a +0 cloak (worn)
 m - a +1 robe of cold resistance (worn)
Jewellery
 c - a ring of fire
 d - a ring of protection from fire (left hand)
Scrolls
 a - a scroll of teleportation {unknown}
Potions
 e - 3 potions of curing
 f - a potion of degeneration {unknown}
 h - a potion of invisibility {unknown}
 i - a potion of ambrosia {unknown}

Dungeon Overview and Level Annotations

Branches:
Dungeon (3/15)

Altars:

Shops:
D:3 (

Annotations:
D:3 Robin


Message History

The hobgoblin hits you but does no damage.
The goblin hits you with a +0 club.
You shoot a sling bullet.
The sling bullet hits the hobgoblin but does no damage.
The hobgoblin is heavily wounded.
Robin barely misses you. The hobgoblin closely misses you.
You furiously retaliate!
You headbutt the hobgoblin. The goblin hits you with a +0 club.
The goblin hits you but does no damage.
You shoot a sling bullet. The sling bullet hits the hobgoblin.
You kill the hobgoblin!
The goblin no longer looks unusually strong.
The goblin hits you with a +0 dagger. The goblin hits you with a +0 club.
You shoot a sling bullet. The sling bullet hits Robin.
Robin is heavily wounded.
The goblin hits you with a +0 dagger. The goblin hits you with a +0 club.
You shoot a sling bullet. The sling bullet hits Robin.
Robin is severely wounded.
The goblin misses you. The goblin hits you with a +0 club.
You shoot a sling bullet. The sling bullet barely misses Robin.
The sling bullet barely misses the goblin.
The goblin hits you with a +0 dagger. The goblin hits you with a +0 club.
You shoot a sling bullet. The sling bullet barely misses Robin.
The sling bullet barely misses the goblin.
Robin roars a battlecry!
The goblin goes into a battle-frenzy!
The goblin barely misses you. You furiously retaliate!
You headbutt the goblin.
You kill the goblin!
The goblin hits you with a +0 club.
You shoot a sling bullet. The sling bullet closely misses Robin.
The sling bullet hits the goblin!
You kill the goblin!
The goblin no longer looks unusually strong.
An orc comes into view. It is wielding a +0 club.
Robin throws the goblin at you! The goblin hits you with a +0 club.
You shoot a sling bullet. The orc shouts!
The sling bullet hits Robin.
Robin is severely wounded.
The goblin closely misses you. Robin hits you with a +0 club.
You die...

#.........#.#
#.#
#........(#.#
#.#
######.####.#
#o# #.# #.####
.### #.####....#
...#
#(....##..##)...
########.)..# .
#...\)g)###...)
#....##@g)%....
###..##..###.##
#..#.....
...#.###.#
....#. ...
.....## ##.
....... .


You could see Robin, an orc and a goblin.

Vanquished Creatures
  Sigmund (D:2)
  Jessica (D:2)
  3 adders
  3 dart slugs (D:1)
  4 orcs (D:3)
  3 endoplasms (D:1)
  4 giant cockroaches
  9 goblins
  7 hobgoblins
  A jackal (D:2)
  7 kobolds
  3 quokkas
  2 ball pythons
  11 bats
  5 frilled lizards
  5 rats
69 creatures vanquished.

Notes
Turn   | Place    | Note
-------+----------+-------------------------------------------
     0 | D:1      | qw the Minotaur Hexslinger began the quest for the Orb.
     0 | D:1      | Reached XP level 1. HP: 16/16 MP: 1/1
     0 | D:1      | 0 ||| qw: Version: 0.3-a-24-ga2abf7b
     0 | D:1      | 0 ||| qw: Game counter: 7133
     0 | D:1      | 0 ||| qw: Melee chars always use a shield: true
     0 | D:1      | 0 ||| qw: God list: Okawaru
     0 | D:1      | 0 ||| qw: Allow faded altars: false
     0 | D:1      | 0 ||| qw: Do Orc after clearing Dungeon:15 true
     0 | D:1      | 0 ||| qw: Do second Lair branch before Depths: true
     0 | D:1      | 0 ||| qw: Lair rune preference: random
     0 | D:1      | 0 ||| qw: Goals: Normal
     0 | D:1      | 0 ||| PLANNING D:1-11
    63 | D:1      | Reached skill level 3 in Ranged Weapons
    67 | D:1      | Reached XP level 2. HP: 23/23 MP: 2/2
   230 | D:1      | Reached XP level 3. HP: 29/29 MP: 3/3
   338 | D:1      | 338 ||| READING 4 scrolls labelled ZOQESA SOIS.
   339 | D:1      | 339 ||| READING scroll labelled QUIJEA BUSOC.
   340 | D:1      | 340 ||| DRINKING 2 purple potions.
   341 | D:1      | 341 ||| DROPPING 3 scrolls of amnesia.
   342 | D:1      | 342 ||| DROPPING scroll of poison.
   470 | D:2      | Reached skill level 4 in Ranged Weapons
   612 | D:2      | Noticed Sigmund
   623 | D:2      | Killed Sigmund
   624 | D:2      | Reached skill level 6 in Ranged Weapons
   624 | D:2      | Reached XP level 4. HP: 18/36 MP: 4/4
   624 | D:2      | Reached XP level 5. HP: 20/41 MP: 5/5
   944 | D:2      | Found a faded altar of an unknown god.
   947 | D:2      | Noticed Jessica
   955 | D:2      | Killed Jessica
   956 | D:2      | Reached skill level 3 in Fighting
  1221 | D:2      | 1221 ||| UPGRADING to +0 ring mail.
  1231 | D:2      | 1231 ||| DROPPING +0 robe.
  1232 | D:2      | 1232 ||| UPGRADING to +0 cloak.
  1237 | D:2      | 1237 ||| UPGRADING to +1 robe of cold resistance.
  1247 | D:2      | 1247 ||| READING 2 scrolls labelled UNYJAE EMNU.
  1248 | D:2      | 1248 ||| READING scroll labelled SUTIPTE SAEWK.
  1249 | D:2      | 1249 ||| READING scroll labelled ZAHALUZ YNECOS.
  1250 | D:2      | 1250 ||| READING scroll labelled RURUEN GARR.
  1251 | D:2      | 1251 ||| DRINKING 2 viscous sapphire potions.
  1252 | D:2      | 1252 ||| DROPPING scroll of fear.
  1253 | D:2      | 1253 ||| DROPPING potion of attraction.
  1507 | D:3      | Found Rudowiow's Antique Weapon Shop.
  1520 | D:3      | Reached XP level 6. HP: 49/51 MP: 6/6
  1544 | D:3      | 1544 ||| UPGRADING to ring of protection from fire.
  1553 | D:3      | Noticed Robin
  1569 | D:3      | HP: 12/52 [goblin/+0 dagger[Robin] (3)]
  1570 | D:3      | HP: 4/52 [goblin/+0 club[Robin] (3)]
  1572 | D:3      | Slain by Robin

Levels and vault maps discovered:
D:1:      dpeg_arrival_rooms_a, layout_rooms
D:2:      minmay_inner_zag, layout_basic, ebering_ecumenical_altar_mist,
          uniq_jessica, uniq_sigmund
D:3:      layout_basic, serial_shops, nicolae_square_shop, uniq_robin

Skill      XL: |  1  2  3  4  5 |
---------------+----------------+-----
Ranged Weapons | 3 6 |  6.2
Fighting       | 2 3 |  3.7
Dodging        | |  2.1
Spellcasting   | |  1.0
Hexes          | |  2.0

Action                     |  1- 3 |  4- 6 || total
---------------------------+-------+-------++-------
   Fire: Sling             |    93 |   107 ||   200
    Use: Scroll            |     2 |     4 ||     6
         Potion            |     1 |     1 ||     2
 Armour: Robe              |     4 |    14 ||    18
  Dodge: Dodged            |    18 |    28 ||    46

Table legend:
 A = Non-vault XP
 B = Vault XP
 C = Vault XP percentage of total XP
 D = Non-vault monster count
 E = Vault monster count
 F = Vault count percentage of total count
                 A         B        C        D         E       F
            +---------+---------+-------+---------+---------+-------
      Total |     133 |     269 |  66.9 |      55 |      14 |  20.3
            +---------+---------+-------+---------+---------+-------
        D:1 |      49 |       0 |   0.0 |      27 |       0 |   0.0
        D:2 |      40 |     252 |  86.3 |      19 |       5 |  20.8
        D:3 |      44 |      17 |  27.9 |       9 |       9 |  50.0
            +---------+---------+-------+---------+---------+-------
